 Dungeon Crawl Stone Soup version 0.26.1-11-gd32895ea62 (webtiles) character file.

Game seed: 8759752545735362131

22456 infcreate the Covert (level 12, -2/75 HPs)
             Began as a Vampire Necromancer on May 17, 2021.
             Was a High Priest of Kikubaaqudgha.
             Slain by a hell rat (12 damage)
             ... on level 2 of the Lair of Beasts.
             The game lasted 00:49:43 (19305 turns).

infcreate the Covert (Vampire Necromancer)         Turns: 19305, Time: 00:49:43

Health: -2/75      AC: 14    Str:  7    XL:     12   Next: 63%
Magic:  25/25      EV: 20    Int: 19    God:    Kikubaaqudgha [*****.]
Gold:   1069       SH:  6    Dex: 18    Spells: 6/29 levels left

rFire    . . .     SeeInvis +   h - +6 dagger
rCold    + + +     Faith    .   L - +1 buckler
rNeg     + + +     Spirit   .   K - +1 robe {rC+}
rPois    ∞         Reflect  .   C - +1 helmet
rElec    .         Harm     .   l - +2 cloak
rCorr    .         Rampage  .   (no gloves)
Will     +....                  G - +1 pair of boots
Stlth    +++++++++.             j - amulet of magic regeneration
HPRegen  0.00/turn              Q - ring of stealth
MPRegen  0.44/turn              O - +4 ring of protection

@: bloodless
A: fangs 3, see invisible, unbreathing
a: Bat Form, Revivify, Renounce Religion, Receive Corpses, Torment


You were on level 2 of the Lair of Beasts.
You worshipped Kikubaaqudgha.
Kikubaaqudgha was extremely pleased with you.
You visited 2 branches of the dungeon, and saw 14 of its levels.

You collected 1069 gold pieces.


Innate Abilities, Weirdness & Mutations

You do not regenerate when monsters are visible.
You are frail without blood (-20% HP).
You can heal yourself when you bite living creatures.
You are immune to poison.
You have razor-sharp teeth.
You have supernaturally acute eyesight. (SInv)
You can survive without breathing.


   Skills:
 + Level 8.7 Fighting
 + Level 10.6 Dodging
 + Level 14.4 Stealth
 + Level 2.7 Shields
 + Level 9.0 Spellcasting
 + Level 11.2 Necromancy


You had 6 spell levels left.
You knew the following spells:

 Your Spells              Type           Power        Failure   Level
a - Animate Skeleton      Necr           100%         1%          1
d - Animate Dead          Necr           25%          1%          4
e - Excruciating Wounds   Necr           25%          2%          5
n - Dispel Undead         Necr           50%          1%          4
p - Pain                  Necr           100%         1%          1
v - Vampiric Draining     Necr           25%          1%          3
y - Agony                 Necr           50%          2%          5

Your spell library contained the following spells:

 Spells                   Type           Power        Failure   Level
 Sublimation of Blood     Necr           25%          1%          2
 Corona                   Hex            8%           10%         1
 Foxfire                  Conj/Fire      32%          10%         1
 Freeze                   Ice            32%          10%         1
 Sandblast                Erth           16%          10%         1
 Passwall                 Tmut/Erth      6%           14%         2
 Slow                     Hex            8%           14%         2
 Death Channel            Necr           25%          14%         6
 Conjure Flame            Conj/Fire      8%           28%         3
 Frozen Ramparts          Ice            16%          28%         3
 Inner Flame              Hex/Fire       8%           28%         3
 Ozocubu's Armour         Ice            8%           28%         3
 Portal Projectile        Hex/Tloc       16%          28%         3
 Stone Arrow              Conj/Erth      16%          28%         3
 Cause Fear               Hex            4%           67%         4
 Hailstorm                Conj/Ice       8%           67%         4
 Leda's Liquefaction      Hex/Erth       4%           67%         4
 Petrify                  Tmut/Erth      8%           67%         4
 Sticky Flame             Conj/Fire      8%           67%         4
 Summon Ice Beast         Ice/Summ       8%           67%         4
 Simulacrum               Ice/Necr       14%          82%         6
 Fireball                 Conj/Fire      4%           95%         5
 Lee's Rapid Deconstruct  Erth           4%           95%         5

Inventory:

Hand Weapons
 h - a +6 dagger (weapon)
Missiles
 P - 2 throwing nets {=f}
Armour
 l - a +2 cloak (worn)
 C - a +1 helmet (worn)
 G - a +1 pair of boots (worn)
 K - a +1 robe of cold resistance (worn)
 L - a +1 buckler (worn)
Jewellery
 j - an amulet of magic regeneration (around neck)
 t - an uncursed ring of willpower
 F - an uncursed ring of protection from fire
 I - a +6 ring of intelligence
 O - a +4 ring of protection (right hand)
 Q - a ring of stealth (left hand)
Wands
 a - a wand of iceblast (8)
 c - a wand of acid (2)
 g - a wand of digging (5)
 p - a wand of polymorph (11)
 y - a wand of flame (28)
 B - a wand of random effects (15)
 J - a wand of disintegration (7)
Scrolls
 b - 5 scrolls of identify {@r1}
 e - a scroll of torment
 f - 5 scrolls of immolation
 i - 6 scrolls of magic mapping
 k - 5 scrolls of teleportation {@r4}
 r - 3 scrolls of amnesia
 s - 6 scrolls of remove curse {@r2}
 v - a scroll of fog
 R - a scroll of fear
Potions
 d - 2 potions of haste {@q3}
 m - 3 potions of ambrosia
 n - a potion of invisibility
 o - a potion of might {unknown}
 q - 2 potions of resistance
 u - 2 potions of magic
 w - a potion of attraction {unknown}
 x - 2 potions of flight {unknown}
 z - 4 potions of curing {@q1}
 A - 4 potions of brilliance
 D - 2 potions of cancellation
 M - a potion of heal wounds {unknown}
 N - a potion of mutation {unknown}

Dungeon Overview and Level Annotations

Branches:
Dungeon (11/15)            Temple (0/1) D:4            Lair (3/6) D:8
 Shoals (0/4) Lair:2       Spider (0/4) Lair:2
    Orc: D:9-12

Altars:
Kikubaaqudgha
Nemelex Xobeh
Okawaru
Vehumet

Shops:
D:8 ( D:9

? # #...).#..## ##
##....####### ≈##
####.#.###.# ≈≈##
##....#.## >≈≈#
#.##...## ≈≈≈#
#########..## ≈≈≈#
#...........##
≈≈######.........^..#
###.#...........@..##
.....÷..........r[.#
##...##............#
#######...........##
##............#
#.............#
#............##
######P.P##### #####


You could see a hell rat.


Message History

The hell rat is moderately wounded.
Your +6 dagger seems less pained.
The hell rat closely misses you. x2
Casting: Vampiric Draining (safe; 1% risk of failure)
Confirm with . or Enter, or press ? or * to list all spells.
Aiming: Vampiric Draining (safe; 1% risk of failure)
Press: ? - help, Shift-Dir - straight line, f - hell rat
Aim: a hell rat (moderately wounded)
You can't drain life from that!
Casting: Vampiric Draining (safe; 1% risk of failure)
Confirm with . or Enter, or press ? or * to list all spells.
You can't see any susceptible monsters within range! (Use Z to cast anyway.)
You hit the hell rat.
The hell rat is heavily wounded.
The hell rat barely misses you.
You hit the hell rat.
The hell rat is severely wounded.
The hell rat bites you!
* * * LOW HITPOINT WARNING * * *
You hit the hell rat but do no damage.
The hell rat is severely wounded.
The hell rat barely misses you.
You hit the hell rat.
The hell rat is severely wounded.
You block the hell rat's attack.
You hit the hell rat but do no damage.
The hell rat is severely wounded.
The hell rat bites you!
You die...
Kikubaaqudgha rasps: "You have failed me!
Welcome... oblivion!"

Skill      XL: |  1  2  3  4  5  6  7  8  9 10 11 12 |
---------------+-------------------------------------+-----
Fighting       | 1 2 3 4 5 6 8 |  8.7
Stealth        | 4 5 7 8 10 12 13 14 | 14.4
Dodging        | 3 4 6 7 8 9 10 | 10.6
Necromancy     | 5 6 7 8 9 10 11 | 11.2
Spellcasting   | 3 4 5 6 7 8 9 |  9.0
Shields        | 2 |  2.7

Action                   |  1- 3 |  4- 6 |  7- 9 | 10-12 || total
-------------------------+-------+-------+-------+-------++-------
Melee: Unarmed           |    12 |       |       |       ||    12
       Hand axe          |     6 |       |       |       ||     6
       Dagger            |    11 |    30 |   123 |   321 ||   485
       Bite              |       |       |     8 |    34 ||    42
 Cast: Pain              |    78 |    99 |   105 |   273 ||   555
       Vampiric Draining |       |     5 |    43 |    98 ||   146
       Animate Dead      |       |     2 |       |     1 ||     3
       Dispel Undead     |       |       |     6 |     6 ||    12
       Agony             |       |       |     2 |    19 ||    21
       Excruciating Woun |       |       |       |    13 ||    13
       Animate Skeleton  |       |       |       |     1 ||     1
 Abil: Exsanguinate      |     1 |       |       |       ||     1
  Use: Scroll            |     4 |     8 |     8 |    18 ||    38
 Stab: Sleeping          |     3 |     3 |    25 |    37 ||    68
Armor: Robe              |     4 |    10 |    39 |   142 ||   195
Dodge: Dodged            |    37 |    42 |   168 |   546 ||   793
Block: Buckler           |       |       |       |    83 ||    83

Levels and vault maps discovered:
D:1:      minmay_arrival_glassed_features, layout_basic
D:2:      layout_loops_ring, old_standard_altar
D:3:      layout_basic, minmay_misc_feat_room, minmay_misc_feat_x,
          kennysheep_generic_room_6
D:4:      layout_loops_ring, minmay_temple_entry_overgrown
D:5:      layout_loops_ring, chequers_decorated_corner, okawaru_trees_1
D:6:      minmay_opposing_rooms, layout_basic
D:7:      layout_loops_ring, basic_altar
D:8:      layout_rooms, minmay_lair_entry_grove, serial_shops,
          kennysheep_mini_moat, doesnt_shop_hydraphobe, uniq_maurice
D:9:      kennysheep_seaside_town, layout_layer_cave, serial_shops,
          kennysheep_mini
D:10:     layout_loops_ring
D:11:     layout_big_octagon, nemelex_altar_shiori, uniq_erolcha
Lair:1:   layout_layer_cave
Lair:2:   layout_roguey, minmay_shoals_entry_lonely_mermaid,
          spider_nest_entry_a, serial_bayou_lagoon_b
Lair:3:   layout_roguey [special_room_bee], guppyfry_lair_drakes,
          infiniplex_staircase_pool

Notes
Turn   | Place    | Note
-------+----------+-------------------------------------------
     0 | D:1      | infcreate the Vampire Necromancer began the quest for the
                  | Orb.
     0 | D:1      | Reached XP level 1. HP: 13/13 MP: 3/3
     2 | D:1      | Learned a level 1 spell: Animate Skeleton
   555 | D:1      | Reached XP level 2. HP: 16/16 MP: 1/5
  1065 | D:1      | Reached XP level 3. HP: 18/20 MP: 0/6
  1368 | D:2      | Found an ancient bone altar of Kikubaaqudgha.
  1378 | D:2      | Became a worshipper of Kikubaaqudgha
  1471 | D:2      | Reached skill level 1 in Fighting
  2092 | D:2      | Reached skill level 4 in Stealth
  2586 | D:3      | Reached XP level 4. HP: 25/25 MP: 4/7
  2590 | D:3      | Learned a level 3 spell: Vampiric Draining
  2684 | D:3      | Reached * piety under Kikubaaqudgha
  2684 | D:3      | Identified Kikubaaqudgha's Grimoire of Unholy Rituals
                  | (Kikubaaqudgha gifted it to you on level 3 of the Dungeon)
  2684 | D:3      | Received a gift from Kikubaaqudgha
  2922 | D:3      | HP: 2/25 [gnoll/cursed -1 whip (8)]
  2924 | D:3      | Reached skill level 3 in Dodging
  3925 | D:4      | Reached skill level 5 in Necromancy
  3925 | D:4      | Reached XP level 5. HP: 30/30 MP: 4/9
  3930 | D:4      | Learned a level 4 spell: Animate Dead
  3965 | D:4      | Noticed an ogre
  4402 | D:3      | Reached skill level 2 in Fighting
  4402 | D:3      | Reached skill level 5 in Stealth
  4402 | D:3      | Reached skill level 3 in Spellcasting
  4486 | D:4      | Reached XP level 6. HP: 32/35 MP: 4/10
  5048 | D:4      | Found a staircase to the Ecumenical Temple.
  5477 | D:3      | Reached skill level 4 in Dodging
  5555 | D:5      | Entered Level 5 of the Dungeon
  5766 | D:5      | Reached XP level 7. HP: 40/40 MP: 12/12
  5770 | D:5      | Reached skill level 6 in Stealth
  5805 | D:5      | Found an iron altar of Okawaru.
  5814 | D:5      | Reached ** piety under Kikubaaqudgha
  5953 | D:5      | Reached skill level 3 in Fighting
  6177 | D:5      | Reached skill level 6 in Necromancy
  6361 | D:5      | Reached skill level 4 in Spellcasting
  7031 | D:6      | Reached skill level 7 in Stealth
  7037 | D:6      | Reached XP level 8. HP: 46/46 MP: 14/14
  7255 | D:6      | Reached skill level 5 in Dodging
  7718 | D:7      | Found a radiant altar of Vehumet.
  7734 | D:7      | Reached skill level 4 in Fighting
  7861 | D:7      | Reached skill level 8 in Stealth
  8000 | D:7      | Reached *** piety under Kikubaaqudgha
  8000 | D:7      | Identified Kikubaaqudgha's Collected Works on Unholy
                  | Secrets (Kikubaaqudgha gifted it to you on level 7 of the
                  | Dungeon)
  8000 | D:7      | Received a gift from Kikubaaqudgha
  8009 | D:7      | Learned a level 4 spell: Dispel Undead
  8122 | D:7      | Reached skill level 7 in Necromancy
  8291 | D:7      | Reached skill level 6 in Dodging
  8291 | D:7      | Reached skill level 5 in Spellcasting
  8445 | D:8      | Reached XP level 9. HP: 52/52 MP: 16/16
  8445 | D:8      | Found Huurph's Hydra Hut.
  8475 | D:8      | Noticed a six-headed hydra
  8514 | D:8      | Reached skill level 9 in Stealth
  8791 | D:8      | Noticed Maurice
  8792 | D:8      | Reached skill level 5 in Fighting
  8953 | D:7      | Learned a level 5 spell: Agony
  8981 | D:8      | Reached skill level 8 in Necromancy
  9073 | D:8      | Reached skill level 7 in Dodging
  9073 | D:8      | Reached skill level 10 in Stealth
  9203 | D:8      | Reached skill level 6 in Spellcasting
  9237 | D:8      | Found a staircase to the Lair.
  9467 | D:8      | Reached XP level 10. HP: 42/60 MP: 19/19
  9802 | D:8      | Found Uskeel's Jewellery Shop.
  9889 | D:8      | Killed Maurice
 10119 | D:9      | Reached **** piety under Kikubaaqudgha
 10231 | D:9      | Reached skill level 6 in Fighting
 10609 | D:9      | Reached skill level 11 in Stealth
 10897 | D:9      | Found Liciag's Magic Scroll Boutique.
 11518 | D:9      | Reached skill level 8 in Dodging
 11755 | D:9      | Reached skill level 9 in Necromancy
 12457 | D:10     | Entered Level 10 of the Dungeon
 12498 | D:10     | Reached skill level 7 in Spellcasting
 12702 | D:10     | Learned a level 5 spell: Excruciating Wounds
 13166 | D:11     | Noticed Erolcha
 13172 | D:11     | Killed Erolcha
 13239 | D:11     | Noticed a white ugly thing
 13258 | D:11     | Killed a white ugly thing
 13259 | D:11     | Reached skill level 12 in Stealth
 13259 | D:11     | Reached XP level 11. HP: 28/66 MP: 2/22
 13261 | D:11     | Noticed a green ugly thing
 13537 | D:11     | Reached skill level 7 in Fighting
 13634 | D:11     | Found a sparkling altar of Nemelex Xobeh.
 13756 | D:11     | Noticed an unseen horror
 13786 | D:11     | Killed an unseen horror
 13793 | D:11     | Reached skill level 9 in Dodging
 14044 | D:11     | Noticed an unseen horror
 14068 | D:11     | Killed an unseen horror
 14223 | D:11     | Noticed an unseen horror
 14230 | D:11     | Killed an unseen horror
 14272 | D:11     | Reached skill level 10 in Necromancy
 14458 | Lair:1   | Entered Level 1 of the Lair of Beasts
 14459 | Lair:1   | Reached ***** piety under Kikubaaqudgha
 14486 | Lair:1   | Noticed a four-headed hydra
 14524 | Lair:1   | Killed a four-headed hydra
 14525 | Lair:1   | Reached skill level 8 in Spellcasting
 14749 | Lair:1   | Reached skill level 13 in Stealth
 15591 | Lair:1   | Reached skill level 8 in Fighting
 15821 | Lair:1   | Reached XP level 12. HP: 69/73 MP: 24/24
 16223 | Lair:2   | Noticed a five-headed hydra
 16234 | Lair:2   | Killed a five-headed hydra
 16235 | Lair:2   | Reached skill level 10 in Dodging
 16389 | Lair:2   | Found a hole to the Spider Nest.
 16572 | Lair:2   | Reached skill level 1 in Shields
 17308 | Lair:2   | Found a staircase to the Shoals.
 17548 | Lair:2   | Got a dazzling great sword
 17554 | Lair:2   | Identified 2 potions of resistance
 17557 | Lair:2   | Identified the +6 great sword "Widowermaker" {speed, rElec
                  | MP+9 Stlth+} (You found it on level 2 of the Lair of
                  | Beasts)
 18007 | Lair:2   | Reached skill level 14 in Stealth
 18075 | Lair:3   | Reached skill level 2 in Shields
 18229 | Lair:3   | Reached skill level 11 in Necromancy
 18858 | Lair:3   | Noticed a five-headed hydra
 18868 | Lair:3   | Killed a five-headed hydra
 18869 | Lair:3   | Reached skill level 9 in Spellcasting
 19305 | Lair:2   | Slain by a hell rat

Vanquished Creatures
  3 hydras
  Erolcha (D:11)
  2 unseen horrors (D:11)
  An ugly thing (D:11)
  2 cyclopes (D:11)
  A merfolk siren (Lair:2)
  Maurice (D:8)
  2 black mambas
  5 cane toads
  5 komodo dragons
  2 trolls
  A polar bear (Lair:3)
  A queen bee (Lair:3)
  4 blink frogs (Lair:1)
  A redback (Lair:2)
  4 wyverns
  14 yaks
  3 basilisks (D:8)
  13 water moccasins
  An acid dragon (D:11)
  2 black bears (D:7)
  3 sky beasts
  8 orc warriors
  2 ice beasts
  An eye of draining (D:11)
  A necrophage (D:10)
  2 phantoms
  7 ogres
  4 centaurs
  2 wolves (D:8)
  2 big kobolds
  15 bullfrogs
  5 scorpions
  21 killer bees
  11 wights
  2 electric eels (Lair:2)
  3 howler monkeys (D:8)
  2 hounds
  2 quasits
  2 jellies
  4 gnoll shamans (D:9)
  2 orc priests
  5 iguanas
  10 orc wizards
  3 worker ants
  A killer bee zombie (D:6)
  A hound zombie (D:10)
  A hound skeleton (D:5)
  6 adders
  18 gnolls
  2 shadow imps
  4 white imps
  4 ufetubi
  A worm (D:3)
  4 dart slugs
  4 leopard geckos
  30 orcs
  4 giant cockroaches
  10 goblins
  7 hobgoblins
  14 jackals
  9 kobolds
  4 quokkas
  2 bats
  5 frilled lizards
  A leopard gecko zombie (D:5)
  5 rats
325 creatures vanquished.

Vanquished Creatures (collateral kills)
  A hell rat (Lair:3)
1 creature vanquished.

Vanquished Creatures (others)
  An unseen horror (D:11)
  24 fungi
  55 plants
80 creatures vanquished.

Grand Total: 406 creatures vanquished

Table legend: (Time is in decaauts)
 A = Elapsed time spent in this place.
 B = Non-inter-level travel time spent in this place.
 C = Inter-level travel time spent in this place.
 D = Time resting spent in this place.
 E = Time spent auto-exploring this place.
 F = Levels seen in this place.
 G = Mean time per level.
                   A        B        C        D        E       F      G
               +--------+--------+--------+--------+--------+-----+--------+
         Total |  19379 |  18735 |    644 |   1331 |  13970 |  14 | 1384.2 |
       Dungeon |  14530 |  13994 |    536 |   1014 |  10387 |  11 | 1320.9 |
          Lair |   4849 |   4741 |    108 |    317 |   3583 |   3 | 1616.3 |
               +--------+--------+--------+--------+--------+-----+--------+

Top non-repeatable levels by time:
     D:9: 2233 daAuts
     D:3: 2050 daAuts
  Lair:2: 2013 daAuts
     D:8: 1773 daAuts
  Lair:1: 1673 daAuts
     D:5: 1309 daAuts
    D:11: 1216 daAuts
     D:1: 1199 daAuts
     D:2: 1181 daAuts
  Lair:3: 1162 daAuts
     D:4: 1133 daAuts
     D:6: 851 daAuts
     D:7: 841 daAuts
    D:10: 738 daAuts

Table legend:
 A = Non-vault XP
 B = Vault XP
 C = Vault XP percentage of total XP
 D = Non-vault monster count
 E = Vault monster count
 F = Vault count percentage of total count
                 A         B        C        D         E       F
            +---------+---------+-------+---------+---------+-------
      Total |   24692 |    7389 |  23.0 |     260 |      67 |  20.5
            +---------+---------+-------+---------+---------+-------
        D:1 |      39 |       0 |   0.0 |      14 |       0 |   0.0
        D:2 |      42 |       0 |   0.0 |      22 |       0 |   0.0
        D:3 |     297 |       3 |   1.0 |      21 |       2 |   8.7
        D:4 |     264 |       0 |   0.0 |      19 |       0 |   0.0
        D:5 |     647 |       0 |   0.0 |      28 |       0 |   0.0
        D:6 |     194 |     379 |  66.1 |       6 |       5 |  45.5
        D:7 |    1159 |     126 |   9.8 |      23 |       1 |   4.2
        D:8 |    1108 |    2194 |  66.4 |      24 |      13 |  35.1
        D:9 |    1287 |    1233 |  48.9 |      25 |      22 |  46.8
       D:10 |     911 |       0 |   0.0 |      12 |       0 |   0.0
       D:11 |    4877 |     980 |  16.7 |      14 |       1 |   6.7
     Lair:1 |    6589 |       0 |   0.0 |      26 |       0 |   0.0
     Lair:2 |    4529 |     824 |  15.4 |      17 |       3 |  15.0
     Lair:3 |    2749 |    1650 |  37.5 |       9 |      20 |  69.0
            +---------+---------+-------+---------+---------+-------
